 Dungeon Crawl Stone Soup version 0.27-a0-249-g74f53ef629 (webtiles) character file.

Game seed: 2111998289069267136

16464 mortress the Fighter (level 12, -10/63 HPs)
             Began as a Felid Berserker on Feb 3, 2021.
             Was an Elder of Trog.
             Mangled by a komodo dragon (71 damage)
             ... on level 4 of the Lair of Beasts on Feb 4, 2021.
             The game lasted 00:44:04 (22613 turns).

mortress the Fighter (Felid Berserker)             Turns: 22613, Time: 00:44:04

Health: -10/63     AC:  3    Str: 13    XL:     12   Next: 10%
Magic:  13/13      EV: 30    Int:  9    God:    Trog [****..]
Gold:   1415       SH:  0    Dex: 20    Spells: 11/11 levels left
                                        Lives:  0   Deaths: 3

rFire    + . .     SeeInvis +     - Unarmed
rCold    . . .     Faith    +   (shield unavailable)
rNeg     + . .     Spirit   .   (armour unavailable)
rPois    .         Reflect  .   (helmet unavailable)
rElec    .         Harm     .   (cloak unavailable)
rCorr    .         Rampage  .   (gloves unavailable)
Will     +....                  (boots unavailable)
Stlth    ++++++....             C - amulet of faith
HPRegen  0.20/turn              k - ring of fire
MPRegen  0.13/turn              E - ring "Zabuti" {Wiz rN+}

@: sleeping, quick
A: very small, no armour, no weapons or thrown items, stealth, claws 1, fangs 3,
see invisible, speed 1, shaggy fur 3, sharp paws
a: Renounce Religion, Berserk, Trog's Hand, Brothers in Arms


You were on level 4 of the Lair of Beasts.
You worshipped Trog.
Trog was greatly pleased with you.
You visited 2 branches of the dungeon, and saw 15 of its levels.

You collected 1415 gold pieces.

Inventory:

Jewellery
 k - a ring of fire (left paw)
 t - an uncursed ring of flight
 y - an uncursed ring of stealth
 C - an amulet of faith (around neck)
 E - the ring "Zabuti" (right paw) {Wiz rN+}
   (You found it on level 9 of the Dungeon)

   [ring of wizardry]

   It improves your spell success rate.
   It protects you from negative energy.
 I - an uncursed ring of protection from fire {unknown}
Wands
 c - a wand of acid (14)
 f - a wand of paralysis (13)
 o - a wand of polymorph (21)
 s - a wand of flame (21) (quivered)
 v - a wand of charming (2)
 z - a wand of random effects (20)
 L - a wand of iceblast (3)
Scrolls
 b - 7 scrolls of teleportation
 h - 9 scrolls of remove curse
 j - 2 scrolls of immolation
 m - 2 scrolls of fear
 A - 2 scrolls of identify
 D - 2 scrolls of magic mapping {unknown}
 F - 2 scrolls of blinking
 G - a scroll of summoning
 J - a scroll of vulnerability {unknown}
Potions
 a - 4 potions of haste
 d - 3 potions of flight
 e - 8 potions of curing
 g - 3 potions of might
 i - 3 potions of mutation
 l - 3 potions of lignification
 n - a potion of resistance
 p - 2 potions of cancellation
 q - 2 potions of degeneration
 r - 2 potions of magic
 u - 6 potions of brilliance
 w - 2 potions of invisibility
 x - 4 potions of berserk rage
 H - a potion of heal wounds
 K - a potion of attraction {unknown}
Miscellaneous
 B - a phantom mirror


   Skills:
 * Level 13.2 Fighting
 + Level 12.5 Dodging
 + Level 12.8 Stealth
 + Level 9.9 Unarmed Combat
 + Level 9.4 Evocations


You had 11 spell levels left.
You didn't know any spells.
Your spell library was empty.

Dungeon Overview and Level Annotations

Branches:
Dungeon (11/15)            Temple (0/1) D:6            Lair (4/6) D:8
 Shoals (0/4) Lair:3       Spider (0/4) Lair:2          Orc (0/2) D:9

Altars:
Fedhas
Kikubaaqudgha
Makhleb
Okawaru
Uskayaw
Wu Jian
Xom
Yredelemnul
Zin

Shops:
D:5 }   D:7 =   D:9 (

Portals:
Trove: D:10 (give 7 potions of haste)

Annotations:
D:6 exclusion: oklob sapling


Innate Abilities, Weirdness & Mutations

You cannot wear armour.
You are incapable of wielding weapons or throwing items.
Your paws allow you to move quietly. (Stealth)
You have sharp claws.
You have razor-sharp teeth.
You have supernaturally acute eyesight. (SInv)
You cover ground quickly.
Your thick and shaggy fur keeps you warm. (AC +3, rC+)
Your sharp claws are effective at attacking unaware monsters.


Message History

You barely miss the water moccasin. You bite the water moccasin.
You kill the water moccasin!
Trog accepts your kill. The komodo dragon closely misses you.
The rime drake breathes ice at you. The flash freeze misses you.
You completely miss the komodo dragon.
The komodo dragon is heavily wounded.
A dream sheep comes into view.
The komodo dragon barely misses you.
The dream sheep bleats!
You claw the komodo dragon!
The komodo dragon is almost dead.
The komodo dragon closely misses you.
The dream sheep shake their wool and sparkle.
You feel drowsy...
You fall asleep.
A dream sheep comes into view.
The komodo dragon bites you!!!
Ouch! That really hurt!
You die... ### ####.# #...@## ##YlYk#

##.....#
#P.....##
#.....#.#
##......# ######
###.YY######.#..#
##.....##.#....#
##...#..P......##
#


You could see a komodo dragon, a rime drake and 4 dream sheep.

Vanquished Creatures
  Gastronok (Lair:3)
  Josephine (D:10)
  A hydra (Lair:1)
  2 two-headed ogres
  Sonja (Lair:3)
  An ugly thing (D:9)
  A wolf spider (Lair:2)
  10 elephants
  A merfolk siren (Lair:3)
  Maurice (D:8)
  A black mamba (Lair:3)
  8 cane toads
  An efreet (D:8)
  Maggie (D:8)
  A rime drake (Lair:3)
  2 komodo dragons (Lair:2)
  A troll (D:10)
  A jumping spider (Lair:2)
  Grinder (D:6)
  3 blink frogs (Lair:1)
  3 wraiths (D:10)
  2 redbacks (Lair:2)
  5 wyverns
  Eustachio (D:6)
  26 yaks
  A basilisk (Lair:3)
  11 water moccasins
  4 orc warriors
  2 sky beasts
  3 ice beasts
  5 black bears
  4 ogres
  3 necrophages
  4 centaurs
  5 wolves (Lair:1)
  2 phantoms
  A wyvern zombie (D:10)
  2 big kobolds (D:8)
  16 bullfrogs
  A wyvern skeleton (D:10)
  3 scorpions
  A water moccasin skeleton (D:7)
  5 killer bees
  3 wights (D:8)
  4 howler monkeys
  A centaur zombie (D:6)
  A bullfrog skeleton (D:7)
  4 jellies
  3 orc priests
  9 hounds
  5 centaur skeletons
  Jessica (D:2)
  4 iguanas
  5 orc wizards
  9 worker ants
  7 hell rats (Lair:1)
  A spectral hound (D:10)
  A hound zombie (D:8)
  A hound skeleton (D:9)
  A worker ant zombie (D:7)
  Robin (D:4)
  A howler monkey skeleton (D:10)
  9 adders
  3 shadow imps (D:5)
  A white imp (D:8)
  3 ufetubi
  An ooze (D:1)
  5 adder skeletons
  A worm (D:5)
  4 dart slugs
  6 leopard geckos
  30 orcs
  2 bat zombies (D:5)
  12 goblins
  8 hobgoblins
  15 jackals
  2 quokkas
  9 bats
  9 frilled lizards
  A jackal skeleton (D:9)
  12 kobolds
  A leopard gecko skeleton (D:7)
  5 rats
  A rat zombie (D:5)
352 creatures vanquished.

Vanquished Creatures (collateral kills)
  An elephant (Lair:2)
  2 cane toads
  A komodo dragon (Lair:1)
  A jumping spider (Lair:2)
  6 yaks (Lair:1)
  A basilisk (Lair:1)
  A bullfrog (Lair:2)
  An orc (D:8)
14 creatures vanquished.

Vanquished Creatures (others)
  2 killer bees (D:8)
  64 fungi
  64 plants
130 creatures vanquished.

Grand Total: 496 creatures vanquished

Notes
Turn   | Place    | Note
-------+----------+-------------------------------------------
     0 | D:1      | mortress the Felid Berserker began the quest for the Orb.
     0 | D:1      | Reached XP level 1. HP: 10/10 MP: 2/2
   219 | D:1      | Reached skill level 1 in Stealth
   219 | D:1      | Reached XP level 2. HP: 4/14 MP: 3/3
  1236 | D:1      | Reached XP level 3. HP: 17/17 MP: 4/4
  1246 | D:1      | Reached ** piety under Trog
  1534 | D:2      | Noticed Jessica
  1543 | D:2      | Killed Jessica
  1789 | D:2      | Noticed a phantom
  1803 | D:2      | Killed a phantom
  1804 | D:2      | Reached skill level 4 in Fighting
  1804 | D:2      | Reached XP level 4. HP: 22/22 MP: 5/5
  1804 | D:2      | Reached XP level 5. HP: 25/25 MP: 6/6
  1997 | D:2      | Reached skill level 5 in Dodging
  2550 | D:3      | Found a blossoming altar of Fedhas.
  3682 | D:4      | Gained mutation: You are covered in thick fur. (AC +2)
                  | [Felid growth]
  3682 | D:4      | Reached XP level 6. HP: 30/30 MP: 7/7
  3825 | D:4      | Reached skill level 5 in Fighting
  4002 | D:4      | Noticed Robin
  4024 | D:4      | Reached *** piety under Trog
  4029 | D:4      | Killed Robin
  4275 | D:4      | Reached XP level 7. HP: 33/33 MP: 8/8
  4429 | D:5      | Entered Level 5 of the Dungeon
  4694 | D:5      | Found a basalt altar of Yredelemnul.
  4846 | D:5      | Reached skill level 1 in Evocations
  4847 | D:5      | Reached skill level 5 in Stealth
  4849 | D:5      | Reached skill level 6 in Fighting
  5589 | D:5      | Found Cihucvel's Gadget Shoppe.
  5747 | D:5      | Found an ancient bone altar of Kikubaaqudgha.
  5892 | D:5      | Found a glowing silver altar of Zin.
  5892 | D:5      | Found an ornate altar of the Wu Jian Council.
  5892 | D:5      | Found an iron altar of Okawaru.
  5925 | D:6      | Found a staircase to the Ecumenical Temple.
  6290 | D:6      | Noticed Grinder
  6294 | D:6      | Paralysed by Grinder for 2 turns
  6319 | D:6      | Killed Grinder
  6320 | D:6      | Reached skill level 5 in Unarmed Combat
  6320 | D:6      | Reached XP level 8. HP: 14/39 MP: 9/9
  7078 | D:6      | Noticed Eustachio
  7085 | D:6      | Killed Eustachio
  7086 | D:6      | Reached skill level 7 in Fighting
  7924 | D:7      | Reached XP level 9. HP: 43/43 MP: 10/10
  8045 | D:7      | Reached **** piety under Trog
  8265 | D:7      | Reached skill level 8 in Fighting
  8320 | D:7      | Found Nyforgh's Jewellery Shop.
  8644 | D:8      | Found a hide-covered altar of Uskayaw.
  9115 | D:8      | Noticed Maurice
  9128 | D:8      | Killed Maurice
  9216 | D:8      | Noticed an efreet
  9377 | D:8      | Reached skill level 5 in Evocations
  9380 | D:8      | Reached skill level 9 in Fighting
  9432 | D:8      | Killed an efreet
  9489 | D:8      | Reached XP level 10. HP: 49/49 MP: 11/11
  9512 | D:8      | Noticed Maggie
  9519 | D:8      | Noticed a two-headed ogre
  9527 | D:8      | Mangled by a two-headed ogre
  9528 | D:8      | Reached XP level 9. HP: -8/45 MP: 10/10
  9612 | D:8      | Killed a two-headed ogre
  9863 | D:8      | Found a staircase to the Lair.
  9885 | D:8      | Killed Maggie
  9889 | D:8      | HP: 2/46 [black bear (1)]
  9889 | D:8      | Slain by a black bear
  9890 | D:8      | Reached XP level 8. HP: 0/43 MP: 9/9
 10106 | D:8      | Reached XP level 9. HP: 46/46 MP: 10/10
 10402 | D:8      | Paralysed by a kobold for 6 turns
 10486 | D:8      | Reached skill level 10 in Fighting
 10796 | D:9      | Noticed a two-headed ogre
 10801 | D:9      | Killed a two-headed ogre
 10848 | D:9      | Found a burning altar of Makhleb.
 11189 | D:9      | Reached ***** piety under Trog
 11245 | D:9      | Found a shimmering altar of Xom.
 11305 | D:9      | Found a staircase to the Orcish Mines.
 11335 | D:9      | Found Laujyr's Weapon Shoppe.
 11740 | D:9      | Noticed a green ugly thing
 11742 | D:9      | Reached skill level 10 in Dodging
 11745 | D:9      | Killed a green ugly thing
 11746 | D:9      | Reached XP level 10. HP: 51/51 MP: 11/11
 12025 | D:9      | Got a pitted steel ring
 12393 | D:10     | Entered Level 10 of the Dungeon
 12411 | D:10     | Reached skill level 10 in Stealth
 13121 | D:10     | Found a portal to a secret trove of treasure.
 13130 | D:10     | Found an iron altar of Okawaru.
 13168 | D:10     | Identified the ring "Zabuti" {Wiz rN+} (You found it on
                  | level 9 of the Dungeon)
 13670 | D:10     | Noticed Josephine
 13774 | D:10     | Killed Josephine
 13775 | D:10     | Reached skill level 11 in Fighting
 14476 | D:10     | Reached XP level 11. HP: 55/55 MP: 12/12
 14872 | Lair:1   | Entered Level 1 of the Lair of Beasts
 16940 | Lair:1   | Noticed a five-headed hydra
 16943 | Lair:1   | Killed a five-headed hydra
 17040 | Lair:1   | Reached skill level 12 in Fighting
 18651 | Lair:2   | Gained mutation: Your thick and shaggy fur keeps you warm.
                  | (AC +3, rC+) [Felid growth]
 18651 | Lair:2   | Reached XP level 12. HP: 61/61 MP: 13/13
 18740 | Lair:2   | You fall into a shaft and drop 2 floors!
 19055 | Lair:3   | Noticed Gastronok
 19490 | Lair:2   | Found a hole to the Spider Nest.
 20765 | Lair:2   | Slain by a wolf spider
 20766 | Lair:2   | Reached XP level 11. HP: -4/57 MP: 12/12
 20790 | Lair:2   | Killed a wolf spider
 21490 | Lair:3   | Reached skill level 13 in Fighting
 21833 | Lair:3   | Killed Gastronok
 21926 | Lair:3   | Noticed Sonja
 21972 | Lair:3   | Killed Sonja
 21973 | Lair:3   | Reached XP level 12. HP: 28/63 MP: 13/13
 22231 | Lair:3   | Found a staircase to the Shoals.
 22589 | Lair:4   | Noticed an eight-headed hydra
 22613 | Lair:4   | Mangled by a komodo dragon

Illustrated notes

Levels and vault maps discovered:
D:1:      amcnicky_arrival_choice, layout_basic, minmay_misc_feat_doors,
          st_stairs_10
D:2:      layout_basic, serial_bayou_lagoon_a, kennysheep_boxes, uniq_jessica
D:3:      layout_loops_corners, lemuel_doored_altar, hangedman_feature_mirror
D:4:      layout_cave_pools, uniq_robin
D:5:      layout_layer_cave, lemuel_zombie_altar_kikubaaqudgha,
          lemuel_round_altar, gammafunk_temple_overflow_claw, serial_shops,
          kennysheep_mini_moat
D:6:      layout_gridville, minmay_temple_entry_oklob, uniq_eustachio,
          uniq_grinder
D:7:      layout_rooms, serial_shops, nicolae_shop_statue_plus
D:8:      layout_basic, overflow_temple_1_default, due_lair_maze_entry_diamond,
          uniq_maurice, uniq_maggie
D:9:      layout_grid_maze, lemuel_round_altar, old_standard_altar, orc_0_dummy,
          serial_shops, shop_fountains, minmay_fractal_squares_gapless_7
D:10:     layout_basic, basic_altar, nicolae_trove_entry_crossroad,
          hangedman_weighted_door, chequers_serial_rivers_small_3,
          uniq_josephine
D:11:     gammafunk_corrupted_shrine, layout_gridville, corner_web_ring
Lair:1:   layout_regular_city, grunt_megastairs_2
Lair:2:   layout_cave_shapes, spider_nest_entry_funnel_web, lemuel_fruit_fields
Lair:3:   layout_regular_city, minmay_shoals_entry_lonely_mermaid,
          grunt_megastairs_3, infiniplex_staircase_pool_2, lemuel_fruit_fields,
          uniq_sonja, uniq_gastronok
Lair:4:   layout_misc_corridors

Skill      XL: |  1  2  3  4  5  6  7  8  9 10 11 12 |
---------------+-------------------------------------+-----
Stealth        | 1 2 3 4 5 6 9 10 11 12 | 12.8
Fighting       | 4 5 6 7 10 11 13 | 13.2
Dodging        | 5 6 7 10 11 12 | 12.5
Unarmed Combat | 4 5 7 8 9 |  9.9
Evocations     | 2 3 6 7 9 |  9.4

Action                   |  1- 3 |  4- 6 |  7- 9 | 10-12 || total
-------------------------+-------+-------+-------+-------++-------
Melee: Unarmed           |    87 |   153 |   455 |   514 ||  1209
       Bite              |     8 |    21 |    54 |    79 ||   162
       Punch             |     2 |     3 |    17 |    22 ||    44
Invok: Berserk           |     4 |     2 |    23 |    29 ||    58
       Trog's Hand       |       |       |     6 |     1 ||     7
       Brothers in Arms  |       |       |       |    12 ||    12
Evoke: Wand              |       |       |    12 |    18 ||    30
  Use: Scroll            |       |       |    19 |    10 ||    29
       Potion            |       |       |     2 |     1 ||     3
 Stab: Sleeping          |     3 |    12 |    19 |    15 ||    49
       Distracted        |       |       |     5 |       ||     5
       Paralysed         |       |       |     1 |       ||     1
Armor: Skin              |     4 |     9 |    21 |    15 ||    49
Dodge: Dodged            |    62 |   116 |   416 |   473 ||  1067

Table legend: (Time is in decaauts)
 A = Elapsed time spent in this place.
 B = Non-inter-level travel time spent in this place.
 C = Inter-level travel time spent in this place.
 D = Time resting spent in this place.
 E = Time spent auto-exploring this place.
 F = Levels seen in this place.
 G = Mean time per level.
                   A        B        C        D        E       F      G
               +--------+--------+--------+--------+--------+-----+--------+
         Total |  21043 |  20536 |    507 |  10163 |   7763 |  15 | 1402.9 |
       Dungeon |  14154 |  13712 |    442 |   6087 |   5875 |  11 | 1286.7 |
          Lair |   6889 |   6824 |     65 |   4076 |   1887 |   4 | 1722.2 |
               +--------+--------+--------+--------+--------+-----+--------+

Top non-repeatable levels by time:
  Lair:1: 2791 daAuts
  Lair:2: 2353 daAuts
    D:10: 2340 daAuts
     D:8: 2119 daAuts
     D:6: 1864 daAuts
     D:9: 1482 daAuts
  Lair:3: 1421 daAuts
     D:1: 1330 daAuts
     D:5: 1315 daAuts
     D:3: 1107 daAuts
     D:7: 1083 daAuts
     D:2: 809 daAuts
     D:4: 698 daAuts
  Lair:4: 323 daAuts
    D:11: 1 daAuts
